 Dungeon Crawl Stone Soup version 0.26.1-11-gd32895ea62 (webtiles) character file.

Game seed: 3084556435449310435

98 AarnesTheHuman the Skirmisher (level 4, -1/34 HPs)
             Began as a Barachi Fighter on June 22, 2021.
             Was an Initiate of Hepliaklqana.
             Slain by Purgy (5 damage)
             ... in a sewer on June 26, 2021.
             The game lasted 00:09:17 (2622 turns).

AarnesTheHuman the Skirmisher (Barachi Fighter)     Turns: 2622, Time: 00:09:17

Health: -1/34      AC:  7    Str: 18    XL:     4   Next: 69%
Magic:  4/4        EV:  7    Int:  9    God:    Hepliaklqana [......]
Gold:   85         SH: 10    Dex: 11    Spells: 3/3 levels left

rFire    . . .     SeeInvis .   k - +0 dagger
rCold    . . .     Faith    .   c - +1 kite shield
rNeg     . . .     Spirit   .   b - +0 scale mail
rPois    .         Reflect  .   (no helmet)
rElec    .         Harm     .   (no cloak)
rCorr    .         Rampage  .   (no gloves)
Will     .....                  (no boots)
Stlth    ..........             (no amulet)
HPRegen  0.11/turn              (no ring)
MPRegen  0.09/turn              (no ring)

@: mighty, very slightly contaminated, invisible, slow
A: +LOS, swims, reduced essence, slowness 1, strong legs 1
a: Hop, Renounce Religion, Recall Ancestor, Ancestor Identity


You were in a sewer.
You worshipped Hepliaklqana.
Hepliaklqana was noncommittal.
You visited 1 branch of the dungeon, and saw 3 of its levels.
You also visited: Sewer.

You collected 85 gold pieces.

Inventory:

Hand Weapons
 a - a +0 rapier
 k - a +0 dagger (weapon)
Armour
 b - a +0 scale mail (worn)
 c - a +1 kite shield (worn)
 s - a scarf of shadows
Jewellery
 h - an uncursed ring of magical power {unknown}
 i - an uncursed ring of protection from fire {unknown}
 m - an uncursed ring of willpower {unknown}
Scrolls
 e - a scroll of identify
 g - a scroll of enchant weapon {unknown}
 l - 2 scrolls of noise
 o - a scroll of remove curse
Potions
 d - a potion of might
 j - 3 potions of brilliance
 n - 3 potions of curing
 r - a potion of attraction


   Skills:
 + Level 4.7 Fighting
 - Level 2.1 Short Blades
 + Level 4.7 Armour
 + Level 4.3 Shields


You had 3 spell levels left.
You didn't know any spells.
Your spell library was empty.

Dungeon Overview and Level Annotations

Branches:
Dungeon (3/15)              Sewer (1/1)

Altars:
Hepliaklqana
Vehumet

Annotations:
Sewer Purgy


Innate Abilities, Weirdness & Mutations

You can be seen from farther away. (+LOS)
You can swim through water.
You cover ground slowly.
You can hop short distances.
Your life essence is reduced to manifest your ancestor. (-10% HP)


Message History

Purgy bites you.
* * * LOW HITPOINT WARNING * * *
Purgy closely misses you. You block Purgy's attack.
You closely miss Purgy. You block Purgy's attack.
Purgy claws you but does no damage. x2
You closely miss Purgy. Purgy closely misses you. You block Purgy's attack.
Purgy barely misses you.
You closely miss Purgy. Purgy bites you.
* * * LOW HITPOINT WARNING * * *
Purgy claws you.
* * * LOW HITPOINT WARNING * * *
You block Purgy's attack.
Purgy closely misses you. x2; Purgy claws you.
* * * LOW HITPOINT WARNING * * *
You feel very mighty all of a sudden. Purgy closely misses you.
You block Purgy's attack. x2
You puncture Purgy!
Purgy is moderately wounded.
Purgy bites you.
You die...

##÷∩.## ##.÷÷..##
#...≈...# #..≈≈≈..#
#.≈≈≈≈≈.# #..≈≈≈..#
#...≈...# ##.....##
##..@## ##T## #.#
#.# #.# .. #.# ....
#.#
$.....####.#######
[.................∩


You could see Purgy.

Vanquished Creatures
  3 adders (D:2)
  An ooze (D:1)
  2 worms (D:2)
  A dart slug (D:2)
  2 leopard geckos (D:2)
  2 ball pythons
  12 bats
  A giant cockroach (D:2)
  2 goblins (D:2)
  2 hobgoblins (D:1)
  2 jackals (D:2)
  A quokka (D:2)
  A frilled lizard (D:1)
  2 kobolds (D:1)
  8 rats
42 creatures vanquished.

Vanquished Creatures (collateral kills)
  An adder (D:2)
  A bat (D:2)
  2 hobgoblins (D:2)
  A ball python (D:3)
  A frilled lizard (D:2)
  A kobold (D:2)
  A rat (D:3)
8 creatures vanquished.

Vanquished Creatures (others)
  An ancestor (D:3)
1 creature vanquished.

Grand Total: 51 creatures vanquished

Notes
Turn   | Place    | Note
-------+----------+-------------------------------------------
     0 | D:1      | AarnesTheHuman the Barachi Fighter began the quest for the
                  | Orb.
     0 | D:1      | Reached XP level 1. HP: 18/18 MP: 1/1
   282 | D:1      | Reached XP level 2. HP: 21/25 MP: 2/2
   806 | D:2      | Reached XP level 3. HP: 27/30 MP: 3/3
  1571 | D:2      | Reached XP level 4. HP: 34/38 MP: 4/4
  1642 | D:2      | Found a hazy altar of Hepliaklqana.
  1656 | D:2      | Found a radiant altar of Vehumet.
  1666 | D:2      | Became a worshipper of Hepliaklqana the Forgotten
  2229 | D:3      | Reached * piety under Hepliaklqana
  2292 | D:3      | Found a glowing drain.
  2364 | Sewer    | Entered a sewer
  2582 | Sewer    | Noticed Purgy
  2622 | Sewer    | Slain by Purgy

Illustrated notes

Levels and vault maps discovered:
D:1:      amcnicky_arrival_blooded_trapdoor, layout_basic
D:2:      layout_rooms, amethyst_overflow_temple_binary
D:3:      layout_basic, zin_scriptorium, lemuel_round_altar,
          portal_sewer_entry_a, kennysheep_doodads, uniq_sigmund
Sewer:    sewer_big_baddie

Skill      XL: |  1  2  3 |
---------------+----------+-----
Fighting       | 4 |  4.7
Armour         | 4 |  4.7
Shields        | 4 |  4.3
Short Blades   | |  2.1

Action                   |  1- 3 |  4- 6 || total
-------------------------+-------+-------++-------
Melee: Rapier            |    35 |       ||    35
       Dagger            |   184 |   127 ||   311
  Use: Scroll            |       |    10 ||    10
       Potion            |       |     3 ||     3
 Stab: Invisible         |       |     1 ||     1
Armor: Scale mail        |    92 |    67 ||   159
Dodge: Dodged            |    66 |    58 ||   124
Block: Kite shield       |   112 |    92 ||   204
